 Dungeon Crawl Stone Soup version 0.29-a0-91-gdebf4667c2 (webtiles) character file.

Game seed: 9954167576505606195

970 dracfodder the Skirmisher (level 8, -1/52 HPs)
             Began as a Gargoyle Berserker on Feb 7, 2022.
             Was a Priest of Trog.
             Slain by a killer bee (5 damage)
             ... on level 5 of the Dungeon.
             The game lasted 00:12:37 (3294 turns).

dracfodder the Skirmisher (Gargoyle Berserker)      Turns: 3294, Time: 00:12:38

Health: -1/52      AC: 12    Str: 23    XL:     8   Next: 16%
Magic:  8/8        EV: 11    Int:  8    God:    Trog [***...]
Gold:   262        SH:  0    Dex:  9    Spells: 7/7 levels left

rFire   . . .      SeeInvis .   a - +0 hand axe
rCold   . . .      Faith    .   (no shield)
rNeg    + . .      Spirit   .   j - +0 ring mail
rPois   ∞          Reflect  .   (no helmet)
rElec   +          Harm     .   q - +0 cloak
rCorr   .          Rampage  .   (no gloves)
Will    .....                   (no boots)
Stlth   +.........              h - amulet of regeneration
HPRegen 0.97/turn               (no ring)
MPRegen 0.11/turn               (no ring)

@: no status effects
A: sickness immunity, AC +5, negative energy resistance 1, electricity
resistance, torment resistance 1, petrification resistance
a: Renounce Religion, Berserk, Trog's Hand


You were on level 5 of the Dungeon.
You worshipped Trog.
Trog was most pleased with you.
You visited 1 branch of the dungeon, and saw 6 of its levels.

You collected 262 gold pieces.

Inventory:

Hand Weapons
 a - a +0 hand axe (weapon)
 b - a +0 hunting sling
Missiles
 c - 111 stones
 g - 98 arrows
 i - 2 curare-tipped darts
 k - 11 poisoned darts
 l - 3 boomerangs
 o - 4 javelins
 s - 15 bolts
 t - 31 sling bullets
Armour
 j - a +0 ring mail (worn)
 q - a +0 cloak (worn)
Jewellery
 h - an amulet of regeneration (around neck)
Wands
 d - a wand of flame (4) (quivered)
Potions
 e - a potion of lignification {unknown}
 f - 2 potions of cancellation {unknown}
 m - 3 potions of heal wounds {unknown}
 n - 3 potions of curing
 p - a potion of haste {unknown}
 r - a potion of degeneration {unknown}


   Skills:
 * Level 6.4 Fighting
 + Level 5.2 Axes
 + Level 2.1 Slings
 + Level 4.4 Armour
 + Level 3.0 Dodging
 + Level 0.4 Stealth
 + Level 0.7 Evocations


You had 7 spell levels left.
You didn't know any spells.
Your spell library was empty.

Dungeon Overview and Level Annotations

Branches:
Dungeon (6/15)
 Temple: D:4-7

Altars:
Cheibriados
Gozag
Ru
Sif Muna
Yredelemnul


Innate Abilities, Weirdness & Mutations

You are immune to sickness and miasma.
Your stone body is resilient. (AC +5)
You are immune to poison.
You resist negative energy. (rN+)
You are resistant to electric shocks. (rElec)
You are resistant to unholy torment.
You are immune to petrification.


Message History

The killer bee barely misses you.
You miss the killer bee.
The killer bee is almost dead.
The killer bee barely misses you. x2
You hit the killer bee.
You kill the killer bee!
Trog accepts your kill. The killer bee completely misses you.
You barely miss the killer bee. The killer bee stings you!
The killer bee stings you.
You closely miss the killer bee.
The killer bee stings you but does no damage.
The killer bee stings you!
* * * LOW HITPOINT WARNING * * *
You closely miss the killer bee.
The killer bee stings you but does no damage.
The killer bee barely misses you.
You barely miss the killer bee. The killer bee stings you!
* * * LOW HITPOINT WARNING * * *
The killer bee misses you.
You barely miss the killer bee.
The killer bee stings you but does no damage.
The killer bee stings you.
* * * LOW HITPOINT WARNING * * *
You closely miss the killer bee. The killer bee closely misses you.
The killer bee stings you.
* * * LOW HITPOINT WARNING * * *
You barely miss the killer bee.
The killer bee stings you but does no damage.
The killer bee closely misses you.
You slash the killer bee!
The killer bee is heavily wounded.
The killer bee barely misses you. x2
The killer bee stings you but does no damage.
You barely miss the killer bee.
The killer bee is heavily wounded.
The killer bee stings you.
* * * LOW HITPOINT WARNING * * *
The killer bee stings you.
You die... ##.....#. #....... ....... ..... ..J. yy#

#y# #@# # #.#
.### #(# ...
#†#
..####.###.#
..
.[.........#.#
#.#
####......#
#.# #..####.#
#.# #..# #.#


You could see a jelly and 3 killer bees.

Vanquished Creatures
  A black bear (D:4)
  2 centaurs
  An ogre (D:6)
  2 phantoms (D:4)
  A water moccasin skeleton (D:4)
  3 killer bees (D:5)
  2 electric eels (D:4)
  A hound (D:5)
  Jessica (D:2)
  A scorpion zombie (D:5)
  A hound zombie (D:5)
  A hound skeleton (D:4)
  Robin (D:4)
  2 adders
  A worm (D:2)
  2 dart slugs
  4 orcs (D:4)
  A bat (D:2)
  5 endoplasms
  5 giant cockroaches
  14 goblins
  6 hobgoblins
  9 jackals
  4 quokkas
  5 ball pythons
  5 frilled lizards
  11 kobolds
  5 rats
97 creatures vanquished.

Vanquished Creatures (others)
  A plant (D:4)
  3 toadstools (D:3)
4 creatures vanquished.

Grand Total: 101 creatures vanquished

Notes
Turn   | Place    | Note
-------+----------+-------------------------------------------
     0 | D:1      | dracfodder the Gargoyle Berserker began the quest for the
                  | Orb.
     0 | D:1      | Reached XP level 1. HP: 14/14 MP: 1/1
   401 | D:1      | Reached XP level 2. HP: 19/19 MP: 2/2
   703 | D:2      | Reached XP level 3. HP: 23/24 MP: 3/3
  1007 | D:2      | Found a snail-covered altar of Cheibriados.
  1012 | D:2      | Noticed Jessica
  1028 | D:2      | Reached skill level 4 in Fighting
  1033 | D:2      | Killed Jessica
  1034 | D:2      | Reached XP level 4. HP: 14/29 MP: 4/4
  1226 | D:2      | Reached ** piety under Trog
  1857 | D:4      | Found an opulent altar of Gozag.
  1857 | D:4      | Found a basalt altar of Yredelemnul.
  1857 | D:4      | Noticed a centaur
  1879 | D:4      | Killed a centaur
  1880 | D:4      | Reached XP level 5. HP: 14/34 MP: 5/5
  1942 | D:4      | Reached XP level 6. HP: 39/40 MP: 6/6
  2046 | D:4      | Found a sacrificial altar of Ru.
  2112 | D:4      | Found a transporter.
  2319 | D:4      | Reached skill level 5 in Fighting
  2351 | D:4      | Noticed Robin
  2375 | D:4      | Killed Robin
  2376 | D:4      | Reached skill level 1 in Slings
  2453 | D:4      | Reached XP level 7. HP: 43/44 MP: 7/7
  2491 | D:4      | Reached *** piety under Trog
  2502 | D:4      | Found a transporter.
  2543 | D:4      | Found a shimmering blue altar of Sif Muna.
  3025 | D:4      | Reached skill level 5 in Axes
  3051 | D:5      | Entered Level 5 of the Dungeon
  3205 | D:5      | Reached XP level 8. HP: 51/51 MP: 8/8
  3251 | D:5      | Reached skill level 6 in Fighting
  3294 | D:5      | Slain by a killer bee

Illustrated notes

Levels and vault maps discovered:
D:1:      co_arrival_random_square_maze, layout_basic, minmay_misc_feat_enclosed
D:2:      layout_loops_cross, basic_altar, hangedman_decor_clover_reticule,
          uniq_jessica
D:3:      cheibrodos_old_hovel, layout_loops_ring, minmay_gold_behind_fungi,
          nicolae_underground_beach
D:4:      gammafunk_steamed_eel, layout_loops_corners, lemuel_round_altar,
          mainiacjoe_overflow_surrounded_room, nicolae_overflow_squiral,
          uniq_robin
D:5:      layout_loops_ring
D:6:      layout_loops_ring, minmay_temple_entry_mini_moons,
          uniq_crazy_yiuf_cottage

Skill      XL: |  1  2  3  4  5  6  7  8 |
---------------+-------------------------+-----
Axes           | 3 4 5 |  5.2
Fighting       | 4 5 6 |  6.4
Dodging        | 2 3 |  3.0
Armour         | 3 4 |  4.4
Slings         | 1 2 |  2.1
Stealth        | |  0.4
Evocations     | |  0.7

Action                   |  1- 3 |  4- 6 |  7- 9 || total
-------------------------+-------+-------+-------++-------
Melee: Hand axe          |    80 |   173 |    85 ||   338
       Punch             |     1 |     6 |     3 ||    10
 Fire: Hunting sling     |       |    15 |    10 ||    25
Invok: Trog's Hand       |       |     2 |       ||     2
       Berserk           |       |       |     1 ||     1
Evoke: Wand              |       |       |    21 ||    21
  Use: Scroll            |     2 |     3 |       ||     5
Armor: Animal skin       |     2 |       |       ||     2
       Ring mail         |    30 |    93 |    57 ||   180
Dodge: Dodged            |    63 |   112 |    68 ||   243

Table legend: (Time is in decaauts)
 A = Elapsed time spent in this place.
 B = Non-inter-level travel time spent in this place.
 C = Inter-level travel time spent in this place.
 D = Time resting spent in this place.
 E = Time spent auto-exploring this place.
 F = Levels seen in this place.
 G = Mean time per level.
                   A        B        C        D        E       F      G
               +--------+--------+--------+--------+--------+-----+--------+
         Total |   3342 |   3245 |     97 |     49 |   2264 |   6 |  557.0 |
       Dungeon |   3342 |   3245 |     97 |     49 |   2264 |   6 |  557.0 |
               +--------+--------+--------+--------+--------+-----+--------+

Top non-repeatable levels by time:
     D:4: 1235 daAuts
     D:2: 725 daAuts
     D:1: 689 daAuts
     D:3: 447 daAuts
     D:5: 228 daAuts
     D:6: 16 daAuts
